 Dungeon Crawl Stone Soup version 0.14-a0-1721-g84c87b2 (webtiles) character file.

1783 Deemzul the Cudgeler (level 8, 0/67 HPs)
             Began as a Djinni Fighter on Jan 2, 2014.
             Was a Priest of Cheibriados.
             Slain by an orc warrior
             ... wielding a +0,+1 orcish scimitar
              (19 damage)
             ... on Level 7 of the Dungeon.
             The game lasted 00:16:29 (6345 turns).

Deemzul the Cudgeler (Djinni Fighter)               Turns: 6345, Time: 00:16:29

HP   0/67        AC  9     Str 29      XL: 8   Next: 50%
MP   0/0         EV  7     Int 15      God: Cheibriados [***...]
Gold 302         SH 22     Dex 22      Spells:  0 memorised,  7 levels left

rFire  + + +     SeeInvis .     f - +5,-1 whip of Geakag {venom, Str+2 Dex+2}
rCold  x . .     Clarity  .     b - +0 scale mail
rNeg   + + +     Conserve .     c - +0 shield
rPois  .         rCorr    .     (no helmet)
rElec  .         rRot     .     l - +1 dwarf cloak
SustAb . .       Spirit   .     (no gloves)
rMut   .         Warding  .     (boots unavailable)
Saprov . . .     Stasis   .     (no amulet)
                                (no ring)
                                (no ring)

@: flying, very slightly contaminated, very slow, slightly resistant to hostile
enchantments, extremely unstealthy
A: fire immunity, cold vulnerability, claws 1, agile 1, blink 1, life protection
3, screaming 1, slow healing 1, strong 1
a: Blink, Bend Time, Temporal Distortion, Renounce Religion


You were on level 7 of the Dungeon.
You worshipped Cheibriados.
Cheibriados was most pleased with you.
You were not hungry.

You visited 2 branches of the dungeon, and saw 8 of its levels.

You collected 346 gold pieces.
You spent 44 gold pieces at shops.

Inventory:

Hand weapons
 a - a +0,+0 mace
 f - the +5,-1 whip of Geakag (weapon) {venom, Str+2 Dex+2}
   (You found it on level 4 of the Dungeon)

   It poisons the flesh of those it strikes.
   It affects your strength (+2).
   It affects your dexterity (+2).
 t - a +3,+0 orcish mace
Armour
 b - a +0 scale mail (worn)
 c - a +0 shield (worn)
 l - a +1 dwarven cloak (worn)
Magical devices
 g - a wand of teleportation (4)
 j - a wand of fireball (4)
 s - a wand of fireball (7)
Scrolls
 e - 4 scrolls of identify
 m - a scroll of fog
Potions
 k - a potion of poison {unknown}
 o - a potion of brilliance
 p - a potion of flight {unknown}


   Skills:
 + Level 5.0 Fighting
 * Level 7.6 Maces & Flails
 - Level 5.4 Armour
 - Level 3.0 Shields
 + Level 2.4 Invocations
 + Level 3.6 Evocations


You had 7 spell levels left.
You didn't know any spells.

Dungeon Overview and Level Annotations

Branches:
Dungeon (7/16)             Temple (1/1) D:4

Altars:
Ashenzari
Cheibriados
Elyvilon
Fedhas
Kikubaaqudgha
Makhleb
Nemelex Xobeh
Okawaru
Sif Muna
Trog
Vehumet
Xom
Yredelemnul
the Shining One

Shops:
D:4 =   D:5 *

Annotations:
D:3 Grinder


Innate Abilities, Weirdness & Mutations

You are immune to all types of fire, even holy and hellish.
You are vulnerable to cold.
You need no food.
You have no legs.
You are immune to negative energy.
You have sharp fingernails.
You are agile. (Dex +2)
You can translocate small distances at will.
You occasionally shout uncontrollably.
You heal slowly when monsters are visible.
Your muscles are strong. (Str +2)


Message History

You blink.
Unknown command.
You block the orc warrior's attack.
The orc wizard hits you but does no damage.
The orc warrior barely misses you.
Unknown command.
You hit the orc warrior.
The orc warrior looks even sicker.
The orc warrior is lightly wounded.
The orc barely misses you. You block the orc wizard's attack.
Unknown command.
You completely miss the orc wizard.
The orc warrior hits you but does no damage.
You block the orc wizard's attack.
The orc hits you with an orcish falchion.
* * * LOW HITPOINT WARNING * * *
Unknown command.
You hit the orc wizard.
The orc wizard is lightly wounded.
The orc warrior hits you with an orcish scimitar!
You die...

#.............
#......(.....
#.(..........
#............
#............
#......######
#......#
#......#
#@oo...#
#oo....#
#o.....#
#......#
#......#
#......#
#......#
#......#
#......#


You could see an orc warrior, an orc wizard and 3 orcs.

Vanquished Creatures
  A hungry ghost (D:7)
  A phantom (D:6)
  An ogre (D:6)
  A giant frog zombie (D:6)
  8 wights (D:6)
  A goliath beetle (D:6)
  3 hounds (D:5)
  2 jellies (D:6)
  A scorpion (D:6)
  2 orc priests (D:6)
  2 orc wizards
  6 worker ants
  Ijyb (D:3)
  A big kobold skeleton (D:5)
  8 adders
  8 gnolls
  A steam dragon zombie (D:6)
  A giant mite (D:1)
  3 worms
  A giant eyeball (Temple)
  6 giant geckos
  17 orcs
  6 bats
  A bat skeleton (D:5)
  4 giant cockroaches
  8 hobgoblins
  7 jackals
  3 quokkas
  6 giant newts
  9 goblins
  9 kobolds
  An orc zombie (D:6)
  8 rats
138 creatures vanquished.

Vanquished Creatures (others)
  A water moccasin (D:4)
  2 orc wizards (D:4)
  2 orcs (D:4)
5 creatures vanquished.

Grand Total: 143 creatures vanquished

Notes
Turn   | Place    | Note
--------------------------------------------------------------
     0 | D:1      | Deemzul, the Djinni Fighter, began the quest for the Orb.
     0 | D:1      | Reached XP level 1. HP: 16/16 MP: 0/0
   201 | D:1      | Reached XP level 2. EP: 15/22
   473 | D:1      | Reached XP level 3. EP: 26/28
   935 | D:2      | Found a blossoming altar of Fedhas.
   946 | D:2      | Reached skill level 4 in Armour
  1007 | D:2      | Reached XP level 4. EP: 26/35
  1511 | D:3      | Found a white marble altar of Elyvilon.
  1780 | D:3      | Noticed Grinder
  1781 | D:3      | Noticed Ijyb
  1813 | D:3      | Killed Ijyb
  1813 | D:3      | Reached XP level 5. EP: 37/41
  1827 | D:4      | Found a staircase to the Ecumenical Temple.
  1834 | D:4      | Paralysed by a giant eyeball for 2 turns
  1840 | D:4      | Paralysed by a giant eyeball for 4 turns
  1846 | Temple   | Entered the Ecumenical Temple
  1850 | Temple   | Paralysed by a giant eyeball for 3 turns
  1911 | Temple   | Became a worshipper of Cheibriados the Contemplative
  1931 | D:4      | Found Ploum's Jewellery Emporium.
  2222 | D:4      | Gained mutation: You are agile. (Dex +2) [potion of mutation]
  2222 | D:4      | Gained mutation: You occasionally shout uncontrollably. [potion of mutation]
  2222 | D:4      | Gained mutation: Your muscles are strong. (Str +2) [potion of mutation]
  2223 | D:4      | Gained mutation: You have sharp fingernails. [potion of mutation]
  2223 | D:4      | Gained mutation: You can translocate small distances at will. [potion of mutation]
  2223 | D:4      | Gained mutation: You heal slowly when monsters are visible. [potion of mutation]
  2631 | D:4      | Got a fine whip
  2632 | D:4      | Identified the cursed +5,-1 whip of Geakag {venom, Str+2 Dex+2} (You found it on level 4 of the Dungeon)
  2655 | D:5      | Entered Level 5 of the Dungeon
  2751 | D:5      | Found a basalt altar of Yredelemnul.
  2772 | D:5      | Reached XP level 6. EP: 45/48
  2833 | D:5      | Reached skill level 5 in Armour
  2849 | D:5      | Reached skill level 5 in Maces & Flails
  2963 | D:5      | Found Socaojic's Assorted Antiques.
  2981 | D:5      | Bought a scroll labeled XOOJ EMUNWY for 22 gold pieces
  2981 | D:5      | Bought a scroll labeled SHRAIPI XETUMOLEBIPP for 22 gold pieces
  3622 | D:6      | Reached skill level 1 in Evocations
  3622 | D:6      | Reached XP level 7. EP: 10/56
  4232 | D:6      | Reached skill level 6 in Maces & Flails
  4367 | D:6      | Reached skill level 1 in Invocations
  4800 | D:6      | Reached XP level 8. EP: 39/65
  5298 | D:6      | Reached skill level 7 in Maces & Flails
  5541 | D:6      | Acquired Cheibriados' first power
  6168 | D:7      | Reached skill level 5 in Fighting
  6345 | D:7      | Slain by an orc warrior

Action                   |  1- 3 |  4- 6 |  7- 9 || total
-------------------------+-------+-------+-------++-------
Melee: Mace              |   132 |   174 |   109 ||   415
       Whip              |       |   127 |   213 ||   340
Invok: Bend Time         |       |     1 |     1 ||     2
 Abil: Blink             |       |     2 |     4 ||     6
Evoke: Wand              |       |       |     2 ||     2
  Use: Scroll            |       |     8 |     4 ||    12
       Potion            |       |     3 |     7 ||    10
